 Dungeon Crawl Stone Soup version 0.21-a0-405-gf2af9a1 (webtiles) character file.

135 KristoblXynda the Shield-Bearer (level 4, -5/38 HPs)
             Began as a Draconian Fighter on Nov 1, 2017.
             Killed from afar by Barriton's ghost (7 damage)
             ... with a stone arrow
             ... on level 3 of the Dungeon.
             The game lasted 00:03:10 (1761 turns).

KristoblXynda the Shield-Bearer (Draconian Fighter) Turns: 1761, Time: 00:03:11

Health: -5/38      AC:  5    Str: 23    XL:     4   Next: 96%
Magic:  4/4        EV: 12    Int: 10    God:
Gold:   94         SH: 10    Dex: 16    Spells: 3/3 levels left

rFire    . . .     SeeInvis .   a - +0 long sword
rCold    . . .     Gourm    .   b - +0 shield
rNeg     . . .     Faith    .   (armour unavailable)
rPois    .         Spirit   .   (helmet restricted)
rElec    .         Reflect  .   (no cloak)
rCorr    .         Harm     .   (no gloves)
MR       .....                  (no boots)
Stlth    +.........             (no amulet)
HPRegen  0.12/turn              o - +6 ring of dexterity
MPRegen  0.09/turn              (no ring)

@: mighty
A: unfitting armour, cold-blooded, AC +5
a: no special abilities


You were on level 3 of the Dungeon.
You were not hungry.

You visited 1 branch of the dungeon, and saw 3 of its levels.

You collected 94 gold pieces.

Inventory:

Hand Weapons
 a - a +0 long sword (weapon)
Armour
 b - a +0 shield (worn)
Jewellery
 o - a +6 ring of dexterity (left hand)
Scrolls
 f - a scroll of remove curse
 j - 4 scrolls of blinking
 k - a scroll of immolation {unknown}
 m - a scroll of enchant weapon {unknown}
 n - a scroll of teleportation {unknown}
Potions
 c - a potion of might
 e - a potion of heal wounds {unknown}
 g - 3 potions of curing
 l - a potion of mutation {unknown}
Comestibles
 d - 3 bread rations
 i - a fruit


   Skills:
 - Level 3.2 Fighting
 + Level 3.3 Long Blades
 + Level 3.7 Dodging
 + Level 4.1 Shields


You had 3 spell levels left.
You didn't know any spells.

Dungeon Overview and Level Annotations

Branches:
Dungeon (3/15)

Altars:

Annotations:
D:3 Barriton's ghost, amateur DrEE


Innate Abilities, Weirdness & Mutations

Your plain brown scales are hard. (AC +5)
You cannot fit into any form of body armour.
You are cold-blooded and may be slowed by cold attacks.


Message History

You riposte.
You hit the gnoll.
You kill the gnoll!
Barriton's ghost hits you!
Unknown command.
You feel very mighty all of a sudden.
Barriton's ghost gestures at you while chanting.
The stone arrow hits you!
* * * LOW HITPOINT WARNING * * *
Unknown command.
You hit Barriton's ghost.
Your tail-slap misses Barriton's ghost.
Barriton's ghost is lightly damaged.
Barriton's ghost casts a spell at you. The stone arrow hits you!
* * * LOW HITPOINT WARNING * * *
Your shield prevents you from hitting Barriton's ghost.
Your tail-slap misses Barriton's ghost.
Barriton's ghost is lightly damaged.
Barriton's ghost casts a spell at you. The stone arrow hits you!
You die...

#..................######.
#.###.........................
#...........####.####.########
####.#....o# #.# #.#
#....o..####.# #.#
#.......oo...# #.#
##...####o#### #.# ##.## #W#
#.# #.# #@# #.# #.# #.# #.#
#.# #o #.# #.# #.# #.# #.# #..


You could see Barriton's ghost and 3 orcs.

Vanquished Creatures
  7 gnolls
  3 adders (D:2)
  A worm (D:3)
  An orc (D:3)
  A giant cockroach (D:2)
  4 goblins
  9 hobgoblins
  4 kobolds
  A ball python (D:1)
  4 bats
  2 frilled lizards
  5 rats
42 creatures vanquished.

Notes
Turn   | Place    | Note
-------+----------+-------------------------------------------
     0 | D:1      | KristoblXynda the Draconian Fighter began the quest for the Orb.
     0 | D:1      | Reached XP level 1. HP: 19/19 MP: 1/1
   213 | D:1      | Reached XP level 2. HP: 20/26 MP: 2/2
   494 | D:1      | Reached XP level 3. HP: 31/31 MP: 3/3
   948 | D:2      | Reached XP level 4. HP: 38/38 MP: 4/4
  1653 | D:3      | Reached skill level 4 in Shields
  1734 | D:3      | Noticed Barriton's ghost (amateur DrEE)
  1761 | D:3      | Killed from afar by Barriton's ghost

Vault maps used:
D:1:      tarquinn_simple_flora_water_f
D:2:      cheibrodos_old_hovel, first_bread
D:3:      nemelex_xobeh_ov_fountains_minmay, marbit_many_paths, uniq_natasha

Skill      XL: |  1  2  3  4 |
---------------+-------------+-----
Dodging        | 3 |  3.7
Long Blades    | 3 |  3.3
Shields        | 4 |  4.1
Fighting       | |  3.2

Action                   |  1- 3 |  4- 6 || total
-------------------------+-------+-------++-------
Melee: Long sword        |    76 |    54 ||   130
       Tailslap          |     4 |     8 ||    12
  Use: Scroll            |       |     4 ||     4
       Potion            |       |     1 ||     1
 Stab: Sleeping          |       |     1 ||     1
  Eat: Chunk             |       |     2 ||     2
       Fruit             |       |     1 ||     1
Armor: Skin              |    16 |    21 ||    37
Dodge: Dodged            |    38 |    31 ||    69
Block: Shield            |    32 |    44 ||    76
       Rpst.: Long sword |    14 |    12 ||    26

Table legend:
 A = Spawn XP
 B = Non-spawn XP
 C = Spawn XP percentage of total XP
 D = Spawn monster count
 E = Non-spawn monster count
 F = Spawn count percentage of total count
 G = Total turns spent on level
                    A         B        C        D         E        F      G
               +---------+---------+-------+---------+---------+-------+---------
         Total |       0 |     193 |   0.0 |       0 |      42 |   0.0 |  1761
               +---------+---------+-------+---------+---------+-------+---------
           D:1 |       0 |      41 |   0.0 |       0 |      16 |   0.0 |   575
           D:2 |       0 |      96 |   0.0 |       0 |      16 |   0.0 |  1024
           D:3 |       0 |      56 |   0.0 |       0 |      10 |   0.0 |   162
               +---------+---------+-------+---------+---------+-------+---------
